 Dungeon Crawl Stone Soup version 0.30.1-6-gbe392663c4 (webtiles) character file.

Game seed: 9980879717241752991

206 monsoonserge the Slasher (level 5, 0/45 HPs)
             Began as a Meteoran Gladiator on Sept 22, 2023.
             Was a Believer of Ru.
             Killed from afar by Ijyb (10 damage)
             ... with a bolt of dispelling energy
             ... on level 3 of the Dungeon.
             The game lasted 00:11:26 (1744 turns).

monsoonserge the Slasher (Meteoran Gladiator)       Turns: 1744, Time: 00:11:27

Health: 0/45       AC: 13    Str: 16    XL:     5   Next: 32%
Magic:  6/6        EV:  9    Int:  9    God:    Ru [**....]
Gold:   170        SH:  5    Dex: 17    Spells: 4/4 levels left

rFire   . . .        a - +0 long sword
rCold   . . .        (no shield)
rNeg    . . .        s - +4 chain mail
rPois   .            c - +0 helmet
rElec   .            (no cloak)
rCorr   .            (no gloves)
SInv    .            (no boots)
Will    .....        o - amulet of reflection Stlth
                     (no ring)
HPRegen 0.27/turn    (no ring)
MPRegen 0.10/turn

%: reflection
@: glowing
A: sense surroundings 1, no conjurations magic, no ice magic, no transmutations
magic, inexperienced 1, otherworldly, glowing, explore regen
a: Renounce Religion


You were on level 3 of the Dungeon.
You worshipped Ru.
Ru was pleased with you.
You visited 1 branch of the dungeon, and saw 3 of its levels.
You also visited: Sewer.

You collected 170 gold pieces.

Inventory:

Hand Weapons
 a - a +0 long sword (weapon)
Missiles
 d - 3 throwing nets (quivered)
 e - a javelin
 m - 2 boomerangs
 t - 5 atropa-tipped darts
Armour
 c - a +0 helmet (worn)
 s - a +4 chain mail (worn)
Jewellery
 o - an amulet of reflection (around neck)
Scrolls
 k - 2 scrolls of enchant weapon {unknown}
 l - a scroll of enchant armour {unknown}
 u - 2 scrolls of fog {unknown}
 v - a scroll of vulnerability {unknown}
 w - a scroll of noise {unknown}
 x - a scroll of poison {unknown}
 y - a scroll of immolation {unknown}
 z - 2 scrolls of teleportation {unknown}
Potions
 f - 2 potions of curing
 g - 5 potions of might {unknown}
 h - 3 potions of mutation
 i - 2 potions of heal wounds {unknown}
 n - 3 potions of flight
 r - 3 potions of haste
 A - a potion of cancellation {unknown}
 B - a potion of invisibility {unknown}


   Skills:
 + Level 3.1 Fighting
 + Level 6.1 Long Blades
 + Level 2.4 Throwing
 + Level 2.2 Armour
 + Level 4.2 Dodging
 + Level 1.0 Shields


You had 4 spell levels left.
You didn't know any spells.
Your spell library contained the following spells:

 Spells                   Type           Power      Damage    Failure   Level
 Poisonous Vapours        Pois/Air       0%         N/A       100%        2
 Anguish                  Hex/Necr       0%         N/A       100%        4
 Ensorcelled Hibernation  Hex/Ice        Unusable   N/A       N/A         2
 Mephitic Cloud           Conj/Pois/Air  Unusable   N/A       N/A         3
 Spider Form              Tmut/Pois      Unusable   N/A       N/A         3
 Freezing Cloud           Conj/Ice/Air   Unusable   6-21      N/A         5

Dungeon Overview and Level Annotations

Branches:
Dungeon (3/15) Zot: 254     Sewer (visited)

Altars:
Nemelex Xobeh
Ru
Wu Jian

Annotations:
D:3 Ijyb


Innate Abilities, Weirdness & Mutations

You passively map a small area around you.
You cannot study or cast Conjurations magic.
You cannot study or cast Ice magic.
You cannot study or cast Transmutations magic.
You are somewhat inexperienced. (-1 XL)
You are easily found by Zot.
You glow in the dark.
You regain HP and MP as you explore.


Message History

You kill the orc!
You hit the orc.
The orc is moderately wounded.
You block the orc's attack.
You hit the orc.
You kill the orc!
The orc hits you but does no damage.
You slash the orc!
You kill the orc!
Items here: ))) [[ †.
Found 15 gold pieces.
You now have 170 gold pieces (gained 15).
There are no items here.
You open the door.
There is an open door here.
Found a ring mail.
You see here a +0 ring mail.
Ijyb the Twisted Goblin comes into view.
She is wielding a +0 dagger and carrying a wand of quicksilver (9).
Ijyb shouts!
Ijyb zaps a wand.
The bolt of dispelling energy hits you!
You hit Ijyb but do no damage. Ijyb hits you but does no damage.
You miss Ijyb. Ijyb hits you but does no damage.
You closely miss Ijyb.
Ijyb zaps a wand.
The bolt of dispelling energy hits you.
You miss Ijyb. Ijyb hits you but does no damage.
You miss Ijyb.
Ijyb is stunned by your conviction and fails to attack.
You miss Ijyb. Ijyb hits you but does no damage.
You hit Ijyb.
Ijyb is lightly wounded.
Ijyb zaps a wand.
The bolt of dispelling energy hits you!
You closely miss Ijyb.
Ijyb is lightly wounded.
Ijyb zaps a wand.
The bolt of dispelling energy hits you!
* * * LOW HITPOINT WARNING * * *
You focus your inner power and slow Ijyb in retribution!
You hit Ijyb but do no damage.
Ijyb is lightly wounded.
Ijyb zaps a wand.
The bolt of dispelling energy hits you!
You die...

#...# #.#, #,#.####.# * #...#
#.# #......# #...# #.# *
#.###### #...# #.# #......#
#...# #.# #.#.##.# * #####
#[# #.#.##.# * #.# , ..#.##.#
* #.########.##.# #
#.@g..........###
####.#################......#
.......................###.##
###.##.##############.# #..#
# #..# #.# #.## #.###.# #.#
#.# #.#.).## #.# #.#
#..)8).## #.# #.# #....)..#
#.# #.#


You could see Ijyb (slow).

Vanquished Creatures
  2 jellies (Sewer)
  7 adders
  2 river rats (D:3)
  A worm (D:3)
  9 orcs (D:3)
  2 bats (D:1)
  6 endoplasms
  5 giant cockroaches
  5 hobgoblins
  5 kobolds
  A quokka (D:2)
  5 ball pythons
  3 frilled lizards (Sewer)
  7 rats
60 creatures vanquished.

Notes
Turn   | Place    | Note
-------+----------+-------------------------------------------
     0 | D:1      | monsoonserge the Meteoran Gladiator began the quest for the
                  | Orb.
     0 | D:1      | Reached XP level 1. HP: 17/17 MP: 2/2
   180 | D:1      | Reached skill level 4 in Long Blades
   322 | D:1      | Found a faded altar of an unknown god.
   326 | D:1      | Prayed at the altar of an unknown god.
   326 | D:1      | Became a worshipper of Ru the Awakened
   334 | D:1      | Reached XP level 2. HP: 24/24 MP: 3/3
   337 | D:1      | Gained mutation: You are somewhat inexperienced. (-1 XL)
                  | [Ru sacrifice]
   337 | D:1      | Reached XP level 1. HP: 17/17 MP: 2/2
   337 | D:1      | Reached * piety under Ru
   545 | D:2      | Reached XP level 2. HP: 5/24 MP: 3/3
   785 | D:2      | Found an ornate altar of the Wu Jian Council.
   844 | D:2      | Reached XP level 3. HP: 29/29 MP: 4/4
  1140 | D:3      | Reached skill level 5 in Long Blades
  1182 | D:3      | Reached skill level 1 in Armour
  1197 | D:3      | Found a sparkling altar of Nemelex Xobeh.
  1295 | D:3      | Found a glowing drain.
  1311 | D:3      | Reached XP level 4. HP: 27/37 MP: 5/5
  1322 | Sewer    | Entered a sewer
  1432 | Sewer    | Reached XP level 5. HP: 27/45 MP: 6/6
  1447 | Sewer    | Found a viscous altar of Jiyva.
  1452 | Sewer    | Reached skill level 6 in Long Blades
  1452 | Sewer    | Reached skill level 1 in Shields
  1611 | D:3      | Gained mutation: You cannot study or cast Ice magic. [Ru
                  | sacrifice]
  1611 | D:3      | Gained mutation: You cannot study or cast Transmutations
                  | magic. [Ru sacrifice]
  1611 | D:3      | Gained mutation: You cannot study or cast Conjurations
                  | magic. [Ru sacrifice]
  1611 | D:3      | Reached ** piety under Ru
  1734 | D:3      | Noticed Ijyb
  1744 | D:3      | Killed from afar by Ijyb

Illustrated notes

Levels and vault maps discovered:
D:1:      erik_arrival_blinker_ship, layout_basic,
          ebering_ecumenical_altar_abandoned
D:2:      layout_loops_corners, basic_altar, minmay_quantized
D:3:      layout_basic, mainiacjoe_overflow_paths, portal_sewer_entry_e,
          nicolae_concentric_dashed_squares_wild, grunt_decor_mini_mirrors,
          grunt_ministairs_1, nrook_mini_backslash, minmay_pentomino_pile,
          uniq_ijyb

Skill      XL: |  1  2  3  4  5 |
---------------+----------------+-----
Long Blades    | 4 5 6 |  6.1
Dodging        | 4 |  4.2
Armour         | 1 2 |  2.2
Fighting       | 3 |  3.1
Shields        | 1 |  1.0
Throwing       | |  2.4

Action                     |  1- 3 |  4- 6 || total
---------------------------+-------+-------++-------
  Melee: Long sword        |   134 |    79 ||   213
         Punch             |     2 |       ||     2
 Invoke: Sacrifice Experie |     1 |       ||     1
         Sacrifice Arcana  |       |     1 ||     1
    Use: Potion            |     1 |       ||     1
         Scroll            |       |     3 ||     3
 Armour: Leather armour    |     9 |       ||     9
         Chain mail        |    36 |    54 ||    90
  Dodge: Dodged            |    65 |    25 ||    90
  Block: Other             |    31 |    14 ||    45
